 Dungeon Crawl Stone Soup version 0.30.0-15-g856e2d3f33 (webtiles) character file.

Game seed: 17922815703007657029

583 MacCMillion the Cleaver (level 7, 57/57 HPs)
             Began as a Minotaur Fighter on May 19, 2023.
             Was a Follower of Nemelex Xobeh.
             Quit the game on level 4 of the Dungeon.
             The game lasted 00:04:15 (3451 turns).

MacCMillion the Cleaver (Minotaur Fighter)          Turns: 3451, Time: 00:04:16

Health: 57/57      AC:  8    Str: 22    XL:     7   Next: 14%
Magic:  8/8        EV:  9    Int:  5    God:    Nemelex Xobeh [*.....]
Gold:   329        SH:  4    Dex: 10    Spells: 6/6 levels left

rFire   . . .        a - +0 war axe
rCold   . . .        c - +0 buckler
rNeg    . . .        b - +0 scale mail
rPois   .            (helmet restricted)
rElec   .            (no cloak)
rCorr   .            e - +0 pair of gloves
SInv    .            (no boots)
Will    .....        v - amulet of the acrobat Stlth
                     (no ring)
HPRegen 0.29/turn    (no ring)
MPRegen 0.11/turn

%: acrobat
@: no status effects
A: horns 2, retaliatory headbutt
a: Renounce Religion, Draw Escape, Draw Destruction, Draw Summoning


You were on level 4 of the Dungeon.
You worshipped Nemelex Xobeh.
Nemelex Xobeh was aware of your devotion.
You visited 1 branch of the dungeon, and saw 5 of its levels.

You collected 329 gold pieces.

Inventory:

Hand Weapons
 a - a +0 war axe (weapon)
Armour
 b - a +0 scale mail (worn)
 c - a +0 buckler (worn)
 e - a +0 pair of gloves (worn)
Jewellery
 v - an amulet of the acrobat (around neck)
Wands
 n - a wand of roots (6)
 w - a wand of flame (15)
Scrolls
 g - 7 scrolls of identify {unknown}
 i - 2 scrolls of silence {unknown}
 j - a scroll of noise {unknown}
 k - a scroll of poison {unknown}
 p - a scroll of vulnerability {unknown}
 q - a scroll of amnesia {unknown}
 s - 3 scrolls of blinking {unknown}
 x - a scroll of teleportation {unknown}
Potions
 d - a potion of might
 f - 3 potions of curing {unknown}
 h - 3 potions of heal wounds {unknown}
 l - a potion of mutation {unknown}
 m - a potion of brilliance {unknown}
 o - 2 potions of attraction {unknown}
 r - a potion of magic {unknown}
 t - a potion of haste {unknown}
 u - a potion of berserk rage {unknown}


   Skills:
 - Level 3.6 Fighting
 + Level 8.1 Axes
 - Level 3.7 Armour
 - Level 4.0 Shields
 + Level 3.6 Invocations


You had 6 spell levels left.
You didn't know any spells.
Your spell library contained the following spells:

 Spells                   Type           Power      Damage    Failure   Level
 Cause Fear               Hex            0%         N/A       100%        4
 Leda's Liquefaction      Hex/Erth       0%         N/A       100%        4
 Fireball                 Conj/Fire      0%         3d3       100%        5


Dungeon Overview and Level Annotations

Branches:
Dungeon (5/15)
 Temple: D:4-7

Altars:
Ashenzari
Dithmenos
Fedhas
Nemelex Xobeh
Sif Muna
Wu Jian
Xom

Shops:
D:1 !


Innate Abilities, Weirdness & Mutations

You have a pair of horns on your head.
You reflexively headbutt those who attack you in melee.


Message History

The kobold hits you but does no damage. The kobold closely misses you.
You furiously retaliate!
You headbutt the kobold. You barely miss the kobold.
The kobold is severely wounded.
The kobold hits you but does no damage.
You hit the kobold.
You kill the kobold!
No target in view!
Things that are here:
a +0 whip; 3 poisoned darts An endoplasm comes into view.
The endoplasm quivers.
An endoplasm is nearby!
An endoplasm is nearby!
The endoplasm misses you.
You slash the endoplasm!
You kill the endoplasm!
No target in view!
An adder comes into view.
The adder hisses angrily.
An adder is nearby!
An adder is nearby!
The adder misses you.
You miss the adder. The adder closely misses you.
The adder bites you but does no damage.
You closely miss the adder. You headbutt the adder!
The adder is almost dead.
The adder bites you but does no damage.
You barely miss the adder.
The adder is almost dead.
The adder bites you but does no damage.
You closely miss the adder.
The adder is almost dead.
The adder barely misses you. The adder closely misses you.
Saving game... please wait.
Options error: Bad fail_severity_to_confirm: 10 should be <= 5 (~/.crawlrc:90) Welcome back, MacCMillion the Minotaur Fighter.
Nemelex Xobeh says: It's all in the cards!
Press ? for a list of commands and other information.
Are you sure you want to abandon this character and quit the game? (Confirm with "yes".)

###### #....# ########....#
......S@$...# #####
###########....#
....###.....# #....#
.##.#.#.###.### #....######
.............># ###.......#
.#..#.#.....#.# #######.#
.#..#.#.....#.###########.#
.#..#.#.....#.............#
......#.....#.#############


You could see an adder.

Vanquished Creatures
  Edmund (D:4)
  A phantom (D:4)
  A scorpion (D:5)
  2 orc priests (D:3)
  A hound (D:4)
  Jessica (D:2)
  An orc wizard (D:3)
  6 gnolls (D:2)
  5 adders
  4 worms
  2 dart slugs
  6 orcs (D:3)
  4 endoplasms
  7 giant cockroaches
  7 goblins
  5 hobgoblins
  5 jackals
  3 quokkas
  3 ball pythons
  3 bats
  6 frilled lizards
  13 kobolds
  2 rats
89 creatures vanquished.

Notes
Turn   | Place    | Note
-------+----------+-------------------------------------------
     0 | D:1      | MacCMillion the Minotaur Fighter began the quest for the
                  | Orb.
     0 | D:1      | Reached XP level 1. HP: 19/19 MP: 0/0
   227 | D:1      | Reached skill level 3 in Axes
   227 | D:1      | Reached XP level 2. HP: 20/26 MP: 1/1
   286 | D:1      | Found Atuipsieq's Distillery.
   289 | D:1      | Got Sif Muna's Exposition on the Vexatious Summer
   990 | D:2      | Reached skill level 4 in Axes
   990 | D:2      | Reached XP level 3. HP: 31/31 MP: 2/2
  1105 | D:2      | Reached skill level 5 in Axes
  1105 | D:2      | Reached XP level 4. HP: 39/39 MP: 3/3
  1371 | D:2      | Noticed Jessica
  1375 | D:2      | Killed Jessica
  1376 | D:2      | Reached skill level 6 in Axes
  1376 | D:2      | Reached XP level 5. HP: 43/45 MP: 4/4
  1492 | D:2      | Found a sparkling altar of Nemelex Xobeh.
  1767 | D:2      | Became a worshipper of Nemelex Xobeh the Trickster
  2008 | D:3      | Identified the +3 flail "Duwny" {drain, Str+3 Int+3}
  2025 | D:3      | Reached skill level 1 in Invocations
  2249 | D:3      | Identified the +0 whip of Fury {speed, Dex+5}
  2357 | D:3      | Found a shadowy altar of Dithmenos.
  2369 | D:3      | Reached skill level 7 in Axes
  2369 | D:3      | Reached XP level 6. HP: 19/51 MP: 4/6
  2602 | D:3      | Found a shimmering blue altar of Sif Muna.
  2605 | D:3      | Found an ornate altar of the Wu Jian Council.
  2605 | D:3      | Found a broken altar of Ashenzari.
  2612 | D:3      | Found a blossoming altar of Fedhas.
  2616 | D:3      | Found a shimmering altar of Xom.
  2828 | D:3      | You fall into a shaft and drop 2 floors!
  2828 | D:5      | Entered Level 5 of the Dungeon
  2904 | D:5      | Reached * piety under Nemelex Xobeh
  2937 | D:4      | Noticed Edmund
  2958 | D:4      | Killed Edmund
  3344 | D:4      | Reached skill level 8 in Axes
  3344 | D:4      | Reached XP level 7. HP: 43/57 MP: 8/8
  3451 | D:4      | Quit the game

Illustrated notes

Levels and vault maps discovered:
D:1:      dpeg_arrival_chambers_temple_mockup, layout_basic, serial_shops, shop
D:2:      layout_basic, basic_altar, uniq_jessica
D:3:      layout_basic, minmay_overflow_temple_hex, minmay_gold_behind_fungi,
          minmay_splitting_lines, st_stairs_2
D:4:      layout_basic, lemuel_doored_altar, uniq_ijyb, uniq_edmund, uniq_pikel
D:5:      layout_loops_corners, okawaru_gym_becter, hex_large,
          ebering_dispersal_statue_hall

Skill      XL: |  1  2  3  4  5  6 |
---------------+-------------------+-----
Axes           | 3 4 5 6 7 8 |  8.1
Shields        | 4 |  4.0
Invocations    | 1 3 |  3.6
Fighting       | |  3.6
Armour         | |  3.7

Action                     |  1- 3 |  4- 6 |  7- 9 || total
---------------------------+-------+-------+-------++-------
  Melee: War axe           |    63 |   123 |     8 ||   194
         Headbutt          |    10 |    15 |     1 ||    26
    Use: Potion            |       |     1 |       ||     1
 Armour: Scale mail        |    23 |    62 |     5 ||    90
  Dodge: Dodged            |    36 |    52 |     7 ||    95
  Block: Buckler           |    21 |    27 |       ||    48
